 Dungeon Crawl Stone Soup version 0.28.0-43-g3370ac3207 (webtiles) character file.

Game seed: 18106017615534449844

994 Ablot the Grasshopper (level 8, -3/61 (63) HPs)
             Began as a Gnoll Warper on Mar 12, 2022.
             Killed from afar by Dowan (15 damage)
             ... with a stone arrow
             ... on level 6 of the Dungeon.
             The game lasted 00:06:19 (4873 turns).

Ablot the Grasshopper (Gnoll Warper)                Turns: 4873, Time: 00:06:20

HP:   -3/61 (63)    AC: 17    Str: 12    XL:     8   Next: 19%
MP:   1/5           EV:  7    Int: 12    God:
Gold: 250           SH:  0    Dex: 13    Spells: 16/18 levels left

rFire   . . .      SeeInvis +   y - +4 trident (antimagic)
rCold   + . .      Faith    .   (no shield)
rNeg    . . .      Spirit   .   G - +8 chain mail of the Manifold Xalams {rPois rC+ rCorr SInv}
rPois   +          Reflect  .   (no helmet)
rElec   .          Harm     .   (no cloak)
rCorr   +          Rampage  .   (no gloves)
Will    .....                   (no boots)
Stlth   ..........              (no amulet)
HPRegen 0.20/turn               v - ring of poison resistance
MPRegen 0.09/turn               (no ring)

@: very slightly contaminated, lightly drained
A: fangs 1, strong nose, distributed training
a: no special abilities


You were on level 6 of the Dungeon.
You visited 1 branch of the dungeon, and saw 6 of its levels.

You collected 250 gold pieces.

Inventory:

Hand Weapons
 y - a +4 antimagic trident (weapon)
Missiles
 d - 5 boomerangs of dispersal
 e - 165 stones
 h - 86 sling bullets
 q - 17 arrows
 t - 33 bolts
 x - 8 boomerangs
 A - 11 poisoned darts (quivered)
 I - a curare-tipped dart
Armour
 b - a +0 leather armour
 r - a +2 ring mail of poison resistance
 G - the +8 chain mail of the Manifold Xalams (worn) {rPois rC+ rCorr SInv}
   (You found it on level 5 of the Dungeon)

   rC:        It protects you from cold.
   rPois:     It protects you from poison.
   SInv:      It lets you see invisible.
   rCorr:     It protects you from acid and corrosion.
Jewellery
 o - a ring of fire
 v - a ring of poison resistance (left hand)
Wands
 F - a wand of flame (30)
Scrolls
 c - a scroll of blinking
 f - a scroll of silence {unknown}
 g - a scroll of enchant weapon {unknown}
 i - 3 scrolls of teleportation {unknown}
 m - 2 scrolls of amnesia {unknown}
 n - a scroll of identify {unknown}
 s - a scroll of torment {unknown}
 u - 2 scrolls of enchant armour {unknown}
 C - 2 scrolls of fear {unknown}
 E - a scroll of magic mapping {unknown}
 H - a scroll of brand weapon {unknown}
Potions
 j - 2 potions of might {unknown}
 k - 2 potions of attraction {unknown}
 l - 4 potions of curing {unknown}
 p - a potion of ambrosia {unknown}
 w - a potion of heal wounds {unknown}
 z - a potion of magic {unknown}
 B - a potion of invisibility {unknown}
 D - a potion of brilliance {unknown}


   Skills:
 + Level 5.5 Fighting
 + Level 3.0 Short Blades
 + Level 3.0 Long Blades
 + Level 3.0 Axes
 + Level 3.0 Maces & Flails
 + Level 5.5 Polearms
 + Level 3.0 Staves
 + Level 3.0 Slings
 + Level 3.0 Bows
 + Level 3.0 Crossbows
 + Level 4.0 Throwing
 + Level 4.0 Armour
 + Level 5.5 Dodging
 + Level 3.0 Stealth
 + Level 3.0 Shields
 + Level 3.0 Unarmed Combat
 + Level 5.9 Spellcasting
 + Level 2.4 Conjurations
 + Level 2.4 Hexes
 + Level 2.4 Summonings
 + Level 2.4 Necromancy
 + Level 6.0 Translocations
 + Level 2.4 Transmutations
 + Level 2.4 Fire Magic
 + Level 2.4 Ice Magic
 + Level 2.4 Air Magic
 + Level 2.4 Earth Magic
 + Level 2.4 Poison Magic
 + Level 3.3 Invocations
 + Level 3.0 Evocations


You had 16 spell levels left.
You knew the following spells:

 Your Spells              Type           Power      Damage    Failure   Level
a - Blink                 Tloc           36%        N/A       61%         2

Your spell library contained the following spells:

 Spells                   Type           Power      Damage    Failure   Level
 Gell's Gravitas          Tloc           18%        N/A       83%         3
 Lesser Beckoning         Tloc           18%        N/A       83%         3
 Teleport Other           Tloc           18%        N/A       83%         3
 Sublimation of Blood     Necr           9%         N/A       98%         2
 Wereblood                Tmut           9%         N/A       98%         2
 Manifold Assault         Tloc           18%        N/A       100%        5
 Summon Hydra             Summ           4%         N/A       100%        7


Dungeon Overview and Level Annotations

Branches:
Dungeon (6/15)             Temple (0/1) D:6

Altars:
Cheibriados
Wu Jian
Zin

Shops:
D:5 !

Annotations:
D:6 Dowan, Edmund


Innate Abilities, Weirdness & Mutations

You have very sharp teeth.
Your uncanny sense of smell can sniff out nearby items.
Your experience applies equally to all skills.


Message History

Reach: y) +4 trident (antimagic)
Press: ? - help, Dir - move target, f/p - wight
Aim: a wight, wielding a +2 halberd and wearing a +0 robe (almost destroyed, about 35% to evade your +4 antimagic trident)
You reach to attack!
You puncture the wight!
You destroy the wight!
Dowan shakes with grief.
Reach: y) +4 trident (antimagic)
Press: ? - help, Dir - move target, f - Edmund
Aim: Edmund, wielding a +5 flail of distortion and wearing a +0 ring mail (about 31% to evade your +4 antimagic trident)
You reach to attack!
You hit Edmund.
Edmund is lightly wounded.
Dowan mumbles some strange words.
Dowan blinks!
You barely miss Edmund.
Edmund is lightly wounded.
Edmund hits you with a +5 flail of distortion.
You blink.
The wight hits you but does no damage. The wight hits you with a +0 flail!
Dowan hits you but does no damage.
Unknown command.
Casting: Blink (dangerous; 61% risk of failure)
Confirm with . or Enter, or press ? or * to list all spells.
You miscast Blink.
You are very lightly contaminated with residual magic.
Nothing appears to happen.
The wight hits you from afar with a +0 trident.
You feel drained.
* * * LOW HITPOINT WARNING * * *
Dowan hits you from afar with a +0 trident.
* * * LOW HITPOINT WARNING * * *
The wight hits you but does no damage.
Casting: Blink (dangerous; 61% risk of failure)
Confirm with . or Enter, or press ? or * to list all spells.
You miscast Blink.
Nothing appears to happen.
Dowan says, "Her death will not be in vain!"
Dowan hits you from afar with a +0 trident.
* * * LOW HITPOINT WARNING * * *
The wight hits you but does no damage. Dowan gestures at you while chanting.
The stone arrow hits you!
You die...

### ##### #.. ...#
########.#####.####
......##.#........#
......##.#.###.##.#
......##.#.....##.##########
..............e.@.z@.......+
.>.(............z.##########
((([..###########.## ......#
#..# #.# ......# #..## #.#
......# #...# #.# ......#
#.#.## #.# ......# #.#..#
##.# #.##.## #...


You could see Edmund, Dowan (fast) and 2 wights.

Vanquished Creatures
  Duvessa (D:6)
  An ice beast (D:6)
  2 ogres (D:5)
  A kobold brigand (D:6)
  2 scorpions
  2 wights (D:6)
  A bullfrog zombie (D:6)
  A centaur skeleton (D:2)
  A hound (D:5)
  2 jellies (D:5)
  A gnoll shaman (D:3)
  A bullfrog skeleton (D:6)
  A scorpion zombie (D:5)
  2 hound skeletons
  2 adders
  3 worms
  5 dart slugs
  4 orcs
  6 bats
  6 endoplasms
  6 giant cockroaches
  5 goblins
  7 hobgoblins
  10 kobolds
  6 quokkas
  6 ball pythons
  3 frilled lizards
  6 rats
  A spectral goblin (D:2)
95 creatures vanquished.

Notes
Turn   | Place    | Note
-------+----------+-------------------------------------------
     0 | D:1      | Ablot the Gnoll Warper began the quest for the Orb.
     0 | D:1      | Reached XP level 1. HP: 20/20 MP: 6/6
    90 | D:1      | Reached XP level 2. HP: 25/26 MP: 7/7
    93 | D:1      | Learned a level 2 spell: Blink
   922 | D:2      | Reached XP level 3. HP: 30/31 MP: 9/9
  1012 | D:2      | Reached skill level 5 in Spellcasting
  1020 | D:2      | Reached skill level 1 in Short Blades
  1020 | D:2      | Reached skill level 1 in Long Blades
  1020 | D:2      | Reached skill level 1 in Axes
  1020 | D:2      | Reached skill level 1 in Maces & Flails
  1020 | D:2      | Reached skill level 1 in Staves
  1020 | D:2      | Reached skill level 1 in Slings
  1020 | D:2      | Reached skill level 1 in Bows
  1020 | D:2      | Reached skill level 1 in Crossbows
  1020 | D:2      | Reached skill level 1 in Stealth
  1020 | D:2      | Reached skill level 1 in Shields
  1020 | D:2      | Reached skill level 1 in Unarmed Combat
  1020 | D:2      | Reached skill level 1 in Invocations
  1020 | D:2      | Reached skill level 1 in Evocations
  1021 | D:2      | Reached XP level 4. HP: 11/38 MP: 11/11
  1346 | D:2      | Found a faded altar of an unknown god.
  1754 | D:3      | Reached skill level 1 in Conjurations
  1754 | D:3      | Reached skill level 1 in Hexes
  1754 | D:3      | Reached skill level 1 in Summonings
  1754 | D:3      | Reached skill level 1 in Necromancy
  1754 | D:3      | Reached skill level 1 in Transmutations
  1754 | D:3      | Reached skill level 1 in Fire Magic
  1754 | D:3      | Reached skill level 1 in Ice Magic
  1754 | D:3      | Reached skill level 1 in Air Magic
  1754 | D:3      | Reached skill level 1 in Earth Magic
  1754 | D:3      | Reached skill level 1 in Poison Magic
  2299 | D:3      | Reached XP level 5. HP: 43/43 MP: 4/12
  2689 | D:3      | Found a snail-covered altar of Cheibriados.
  3002 | D:4      | You fall into a shaft and drop 2 floors!
  3002 | D:6      | Noticed an ice beast
  3009 | D:5      | Entered Level 5 of the Dungeon
  3095 | D:4      | Found a glowing silver altar of Zin.
  3470 | D:5      | Noticed an ogre
  3488 | D:5      | Killed an ogre
  3489 | D:5      | Reached skill level 5 in Fighting
  3489 | D:5      | Reached skill level 5 in Polearms
  3489 | D:5      | Reached skill level 5 in Dodging
  3489 | D:5      | Reached XP level 6. HP: 51/51 MP: 4/14
  3631 | D:5      | Found an ornate altar of the Wu Jian Council.
  3765 | D:5      | Reached XP level 7. HP: 10/56 MP: 5/15
  4299 | D:5      | Identified the +8 chain mail of the Manifold Xalams {rPois
                  | rC+ rCorr SInv}
  4337 | D:5      | Found Nier's Distillery.
  4745 | D:6      | Found a staircase to the Ecumenical Temple.
  4829 | D:6      | Noticed Duvessa
  4832 | D:6      | Noticed Dowan
  4834 | D:6      | Noticed Edmund
  4852 | D:6      | Killed Duvessa
  4853 | D:6      | Reached skill level 6 in Translocations
  4853 | D:6      | Reached XP level 8. HP: 63/63 MP: 5/16
  4873 | D:6      | Killed from afar by Dowan

Illustrated notes

Levels and vault maps discovered:
D:1:      dpeg_arrival_ternary, layout_basic, serial_bayou_crossing
D:2:      layout_rooms, dreamdust_ecumenical_altar_drowned_temple,
          minmay_hexomino_c4
D:3:      layout_rooms, marbit_many_paths, grunt_ministairs_13,
          kennysheep_small_spiral, minmay_liquid_box, kennysheep_generic_room_14
D:4:      layout_gridville, mainiacjoe_overflow_concentric_impassable,
          serial_glass, glass_columns_b, glass_columns_a
D:5:      layout_loops_ring, overflow_temple_1_default, serial_shops,
          nicolae_lakefront_shop, minmay_misc_feat_rows
D:6:      layout_basic, bloody_trog, bloody_makhleb, lemuel_round_altar,
          temple_statues, portal_sewer_entry_f, uniq_duvessa, uniq_edmund

Skill      XL: |  1  2  3  4  5  6  7  8 |
---------------+-------------------------+-----
Spellcasting   | 5 |  5.9
Short Blades   | 1 2 3 |  3.0
Long Blades    | 1 2 3 |  3.0
Axes           | 1 2 3 |  3.0
Maces & Flails | 1 2 3 |  3.0
Staves         | 1 2 3 |  3.0
Slings         | 1 2 3 |  3.0
Bows           | 1 2 3 |  3.0
Crossbows      | 1 2 3 |  3.0
Stealth        | 1 2 3 |  3.0
Shields        | 1 2 3 |  3.0
Unarmed Combat | 1 2 3 |  3.0
Invocations    | 1 2 3 |  3.3
Evocations     | 1 2 3 |  3.0
Conjurations   | 1 2 |  2.4
Hexes          | 1 2 |  2.4
Summonings     | 1 2 |  2.4
Necromancy     | 1 2 |  2.4
Transmutations | 1 2 |  2.4
Fire Magic     | 1 2 |  2.4
Ice Magic      | 1 2 |  2.4
Air Magic      | 1 2 |  2.4
Earth Magic    | 1 2 |  2.4
Poison Magic   | 1 2 |  2.4
Throwing       | 3 4 |  4.0
Armour         | 3 4 |  4.0
Fighting       | 5 |  5.5
Polearms       | 5 |  5.5
Dodging        | 5 |  5.5
Translocations | 6 |  6.0

Action                   |  1- 3 |  4- 6 |  7- 9 || total
-------------------------+-------+-------+-------++-------
Melee: Spear             |    81 |    98 |       ||   179
       Bite              |     8 |    17 |    11 ||    36
       Punch             |     2 |     2 |       ||     4
       Trident           |       |    64 |    92 ||   156
Throw: Dart              |       |     3 |     6 ||     9
       Boomerang         |       |       |     1 ||     1
 Cast: Blink             |       |       |     1 ||     1
 Stab: Sleeping          |     2 |     2 |       ||     4
Armor: Leather armour    |    20 |     2 |       ||    22
       Ring mail         |       |    23 |     3 ||    26
       Chain mail        |       |       |    55 ||    55
Dodge: Dodged            |    53 |    65 |    33 ||   151
